cohdb
Replays
Latest Replays
All Replays
Popular Replays
Top Player Replays
Match Explorer
How It Works
Community
CoH3 Stats
Reddit
Sign in to upload your games and track your stats! →
Sign in with Steam
Match 23730337
Unlisted
Match 23730337
Overview
Messages
Build Orders
End
Selects Italian Coastal Battlegroup
Selects Coastal Reserves
Coastal Reserve
Kettenkrad Recon Vehicle
Coastal Reserve
Coastal Reserve
Selects Support Bunkers
Construct Infanterie Kompanie
Selects Designated Artillery Overwatch
Construct Panzergrenadier Kompanie
Selects Artillery Officer
Artillery Officer
Medical Bunker
Support Elements
Designated Artillery Overwatch
Selects Bulwark
Designated Artillery Overwatch
MG 42 Bunker
Nebelwerfer 42 Rocket Launcher Team
Selects Coastal Wall
iceman
UH|ck
LQ94
RoBoCop
0
0
Comments
sign in to comment!
No comments posted yet!